 Dungeon Crawl Stone Soup version 0.28-a0-863-g8cecda6153 (webtiles) character file.

Game seed: 11791053697482995968

76 patchburns1 the Skirmisher (level 4, 0/35 HPs)
             Began as a Djinni Cinder Acolyte on Nov 17, 2021.
             Was a High Priest of Ignis.
             Slain by a worm (8 damage)
             ... on level 3 of the Dungeon.
             The game lasted 00:12:29 (2788 turns).

patchburns1 the Skirmisher (Djinni Cinder Acolyte)  Turns: 2788, Time: 00:12:30

Health: 0/35       AC:  2    Str: 13    XL:     4   Next: 57%
Gold:   70         EV: 11    Int: 17    God:    Ignis [*****.] SH:  0 Dex:  8

rFire   + + +      SeeInvis .   a - -1 falchion (flame)
rCold   x . .      Faith    .   (no shield)
rNeg    . . .      Spirit   .   j - +0 robe
rPois   ∞          Reflect  .   (no helmet)
rElec   .          Harm     .   (no cloak)
rCorr   .          Rampage  .   (no gloves)
Will    .....                   (boots unavailable)
Stlth   +.........              (no amulet)
HPRegen 0.11/turn               (no ring)
MPRegen 0.00/turn               (no ring)

@: flying
A: sickness immunity, fire resistance 2, cold vulnerability 1, float, innate
caster, hp casting, extra vitality 1
a: Renounce Religion, Sea of Fire, Foxfire Swarm, Rising Flame


You were on level 3 of the Dungeon.
You worshipped Ignis.
Ignis was extremely pleased with you.
You visited 1 branch of the dungeon, and saw 3 of its levels.

You collected 70 gold pieces.

Inventory:

Hand Weapons
 a - a -1 falchion of flaming (weapon)
 k - a +0 club
 s - a +0 falchion
Missiles
 c - 18 arrows
 m - 62 stones
 v - 14 poisoned darts
Armour
 b - a +0 robe
 i - a +0 chain mail
 j - a +0 robe (worn)
 t - a +0 scale mail
Wands
 n - a wand of flame (13)
Scrolls
 d - 4 scrolls of identify {unknown}
 e - a scroll of magic mapping {unknown}
 f - a scroll of fear {unknown}
 h - a scroll of silence {unknown}
 l - a scroll of blinking {unknown}
 o - a scroll of noise {unknown}
Potions
 g - a potion of mutation {unknown}
 p - a potion of attraction {unknown}
 q - a potion of might {unknown}
 r - a potion of lignification {unknown}
 u - a potion of magic {unknown}


   Skills:
 * Level 3.5 Fighting
 * Level 3.4 Long Blades
 + Level 0.9 Dodging
 + Level 0.5 Stealth
 * Level 2.9 Spellcasting


You had 5 spell levels left.
You knew the following spells:

 Your Spells              Type           Power      Damage    Failure   Level
a - Scorch                Fire           24%        2d6       8%          2
b - Apportation           Tloc           24%        N/A       5%          1
Your spell library was empty.

Dungeon Overview and Level Annotations

Branches:
Dungeon (3/15)

Altars:

Shops:
D:1 :


Innate Abilities, Weirdness & Mutations

You are immune to sickness and miasma.
You are immune to poison.
Your flesh is very heat resistant. (rF++)
You are vulnerable to cold. (rC-)
You float through the air rather than walking.
You learn spells naturally, not from books.
Your magical power is your life essence.
You have superior vitality. (+4 HP)


Message History

Press: ? - help, Q - select action, (/) - cycle Dir - look around, f - activate You miscast Scorch.
You are very lightly contaminated with residual magic.
Nothing appears to happen.
The adder completely misses you.
Casting: Scorch (safe; 9% risk of failure)
Press: ? - help, Q - select action, (/) - cycle Dir - look around, f - activate Flames lash the adder.
The adder is moderately wounded.
The adder's fire resistance burns away.
The adder is engulfed in a cloud of scalding steam.
The adder bites you.
The adder is engulfed in a cloud of scalding steam.
You kill the adder!
The hobgoblin shouts!
Found a flail.
The hobgoblin closely misses you.
You hit the hobgoblin. You burn the hobgoblin.
The hobgoblin is heavily wounded.
The hobgoblin hits you.
You hit the hobgoblin. You burn the hobgoblin.
You kill the hobgoblin!
You hear the slow rusting of a drain very nearby.
Your magical contamination has completely faded away.
You see here 14 poisoned darts.
v - 14 poisoned darts
Casting: Scorch (safe; 8% risk of failure)
Press: ? - help, Q - select action, (/) - cycle Dir - look around, f - activate Flames lash the worm.
The worm is heavily wounded.
The worm's fire resistance burns away.
* * * LOW HITPOINT WARNING * * *
You hit the worm. You burn the worm.
The worm is severely wounded.
The worm bites you.
* * * LOW HITPOINT WARNING * * *
You hit the worm. You burn the worm.
The worm is almost dead.
The worm bites you!
You die...

......# #w#...# #.#
####### ##≈##### #.#
.# # #≈≈≈######.#..#
# ≈≈≈ #........# #
######†###......!## #
#....#.#.........# #
#......###.......# #
#....w...........#
####....@.#.#.......#
..........#.#.......#
###......#.#.........
#......#.#.........
#......#.#......≈≈
#......#.###.#..≈.
#......#.# .#...
####.###.. #)#


You could see a worm (combustible).

Vanquished Creatures
  Terence (D:2)
  An adder (D:3)
  2 worms (D:3)
  3 ball pythons
  5 bats
  3 endoplasms
  A giant cockroach (D:2)
  2 goblins (D:1)
  4 hobgoblins
  2 jackals (D:1)
  2 kobolds (D:1)
  4 quokkas
  2 frilled lizards (D:1)
  4 rats
36 creatures vanquished.

Notes
Turn   | Place    | Note
-------+----------+-------------------------------------------
     0 | D:1      | patchburns1 the Djinni Cinder Acolyte began the quest for
                  | the Orb.
     0 | D:1      | Reached XP level 1. HP: 20/20 MP: 0/0
    89 | D:1      | Found a faded altar of an unknown god.
   250 | D:1      | Reached XP level 2. HP: 22/25 MP: 0/0
   381 | D:1      | Found Gomilug's Book Boutique.
  1142 | D:1      | Reached XP level 3. HP: 28/30 MP: 0/0
  1142 | D:1      | Learned a level 1 spell: Apportation
  2322 | D:2      | Noticed Terence
  2338 | D:2      | Killed Terence
  2339 | D:2      | Reached XP level 4. HP: 32/35 MP: 0/0
  2788 | D:3      | Slain by a worm

Illustrated notes

Levels and vault maps discovered:
D:1:      heliophobic_arrival_henge, layout_basic, serial_shops,
          nicolae_shop_hallway_stairs, hellmonk_ecumenical_altar_lost_god
D:2:      layout_basic, uniq_terence
D:3:      layout_basic, lemuel_tele_altar,
          mainiacjoe_overflow_concentric_impassable, led_xom_imps,
          gup_sewer_entry_bubbles, st_stairs_11, hangedman_decor_opposing

Skill      XL: |  1 |
---------------+----+-----
Long Blades    | 3 |  3.4
Fighting       | |  3.5
Dodging        | |  0.9
Stealth        | |  0.5
Spellcasting   | |  2.9

Action                   |  1- 3 |  4- 6 || total
-------------------------+-------+-------++-------
Melee: Falchion          |    93 |    31 ||   124
 Cast: Scorch            |     6 |     5 ||    11
Armor: Robe              |    26 |     2 ||    28
Dodge: Dodged            |    66 |    14 ||    80

Table legend: (Time is in decaauts)
 A = Elapsed time spent in this place.
 B = Non-inter-level travel time spent in this place.
 C = Inter-level travel time spent in this place.
 D = Time resting spent in this place.
 E = Time spent auto-exploring this place.
 F = Levels seen in this place.
 G = Mean time per level.
                   A        B        C        D        E       F      G
               +--------+--------+--------+--------+--------+-----+--------+
         Total |   2805 |   2805 |      0 |    799 |   1069 |   3 |  935.0 |
       Dungeon |   2805 |   2805 |      0 |    799 |   1069 |   3 |  935.0 |
               +--------+--------+--------+--------+--------+-----+--------+

Top non-repeatable levels by time:
     D:1: 1414 daAuts
     D:2: 1226 daAuts
     D:3: 165 daAuts
